 Dungeon Crawl Stone Soup version 0.31.0 (webtiles) character file.

Game seed: 4314236368571163996

4921 Dirian the Cleaver (level 10, -1/88 HPs)
             Began as a Minotaur Berserker on Jan 19, 2024.
             Was a Priest of Trog.
             Incinerated by a deep elf pyromancer (24 damage)
             ... with a pyre arrow
             ... on level 7 of the Dungeon.
             The game lasted 00:09:57 (5798 turns).

Dirian the Cleaver (Minotaur Berserker)             Turns: 5798, Time: 00:09:58

Health: -1/88      AC: 10    Str: 27    XL:     10   Next: 27%
Magic:  9/9        EV:  9    Int:  4    God:    Trog [***...]
Gold:   478        SH: 10    Dex:  9    Spells: 9/9 levels left

rFire   . . .        b - +0 broad axe
rCold   . . .        p - +0 buckler
rNeg    . . .        B - +0 chain mail
rPois   .            (helmet restricted)
rElec   .            (no cloak)
rCorr   .            (no gloves)
SInv    +            (no boots)
Will    +++..        o - amulet of reflection Stlth
                     s - ring of see invisible
HPRegen 1.34/turn    y - ring of willpower
MPRegen 0.11/turn

%: reflection
@: on fire, strong-willed, on berserk cooldown, regenerating, slowed, glowing,
very slow
A: horns 2, retaliatory headbutt
a: Renounce Religion, Berserk, Trog's Hand


You were on level 7 of the Dungeon.
You worshipped Trog.
Trog was most pleased with you.
You visited 1 branch of the dungeon, and saw 7 of its levels.

You collected 478 gold pieces.

Inventory:

Hand Weapons
 a - a +0 hand axe
 b - a +0 broad axe (weapon)
 x - a +0 morningstar
Missiles
 l - 3 throwing nets (quivered)
 z - 3 boomerangs
Armour
 p - a +0 buckler (worn)
 A - a +0 plate armour
 B - a +0 chain mail (worn)
Jewellery
 n - the ring of Xoebazid {rPois Str-4 Int+6 Dex+3}
   (You found it on level 4 of the Dungeon)

   [ring of intelligence]

   Str-4:     It affects your strength (-4).
   Int+6:     It affects your intelligence (+6).
   Dex+3:     It affects your dexterity (+3).
   rPois:     It protects you from poison
 o - an amulet of reflection (around neck)
 s - a ring of see invisible (left hand)
 y - a ring of willpower (right hand)
 D - a ring of protection from cold
 E - a ring of positive energy
Wands
 u - a wand of mindburst (12)
 v - a wand of digging (3)
 C - a wand of polymorph (4)
Scrolls
 e - 2 scrolls of fog
 m - 2 scrolls of immolation
 r - a scroll of identify
 t - 8 scrolls of teleportation
Potions
 c - 2 potions of mutation
 d - a potion of might
 f - 2 potions of enlightenment
 g - a potion of attraction
 h - 2 potions of cancellation
 i - 3 potions of invisibility
 j - a potion of magic
 k - a potion of degeneration {unknown}
 q - a potion of curing
 w - a potion of haste {unknown}


   Skills:
 + Level 8.1 Fighting
 + Level 11.6 Axes
 * Level 4.4 Throwing
 * Level 8.1 Armour
 - Level 2.1 Dodging
 + Level 5.7 Shields
 * Level 4.0 Evocations


You had 9 spell levels left.
You didn't know any spells.
Your spell library was empty.

Dungeon Overview and Level Annotations

Branches:
Dungeon (7/15) Zot: 26461
 Temple: D:4-7

Altars:
Elyvilon
Gozag
Uskayaw
Vehumet
Xom

Shops:
D:2 ?=*   D:3 :   D:7 *


Innate Abilities, Weirdness & Mutations

You have a pair of horns on your head.
You reflexively headbutt those who attack you in melee.


Message History

The deep elf pyromancer hits you with a +0 long sword.
You slice the deep elf pyromancer!! You headbutt the deep elf pyromancer.
The deep elf pyromancer is heavily wounded.
The deep elf pyromancer hits you but does no damage.
The deep elf pyromancer mumbles some strange words.
The deep elf pyromancer blinks!
The shadow hits you!
The deep elf pyromancer gestures wildly while chanting.
The deep elf pyromancer blinks!
You closely miss the shadow. You headbutt the shadow.
The shadow is lightly damaged.
You block the shadow's attack. The shadow closely misses you.
You furiously retaliate!
You headbutt the shadow, but do no damage.
You hit the shadow.
The shadow is lightly damaged.
You block the shadow's attack.
You closely miss the shadow.
The shadow is lightly damaged.
The shadow hits you!
The deep elf pyromancer casts a spell at you.
The pyre arrow hits you.
You are covered in intense liquid fire!
The shadow hits you.
You hit the shadow but do no damage.
The shadow is lightly damaged.
The liquid fire burns you! The shadow hits you.
* * * LOW HITPOINT WARNING * * *
The shadow hits you.
You closely miss the shadow.
The shadow is lightly damaged.
The liquid fire burns you!
* * * LOW HITPOINT WARNING * * *
The shadow slips into darkness.
The shadow flickers and vanishes for a moment.
You're still recovering from your berserk rage.
You feel better. The liquid fire burns you!
You die...

......# ###. ......#
#..... .####.# ..... .#
#.#####.#### .#
#.##.......##
.####.#.#.....#.#
..##..#..#...#..#
......#..)#.#...###
#.#.#..†)..#...e@W#
#.#.#.#...#.#...##s.....
#.#.#.#..#..(#..# .....
#.#.#.#.#.....#.# #.#.
#.#.#.##.......## ..
#.#.#.#####.#### #
#..#... ..... ## ######


You could see a deep elf pyromancer, a shadow (invisible) and a scorpion.

Vanquished Creatures
  An ogre mage (D:7)
  The ghost of NitroKuite the Protected, a novice MiBe of Trog (D:6)
  The ghost of diceflayer the Chopper, a novice DsFi of Okawaru (D:6)
  The ghost of dvdksn the Trooper, a novice DsCK of Xom (D:6)
  A cyclops (D:7)
  A troll (D:7)
  A steam dragon (D:7)
  A black bear (D:7)
  An orc warrior (D:7)
  2 ice beasts
  A sky beast (D:7)
  3 ogres
  2 centaurs
  A phantom (D:5)
  A kobold brigand (D:7)
  A brain worm (D:4)
  A gnoll sergeant (D:6)
  5 scorpions
  Blork the orc (D:4)
  A bullfrog (D:6)
  A killer bee (D:7)
  A howler monkey (D:7)
  A bombardier beetle (D:5)
  An orc priest (D:6)
  A jelly (D:4)
  2 hounds (D:4)
  A gnoll bouda (D:6)
  Jessica (D:2)
  3 iguanas
  Terence (D:3)
  An orc wizard (D:7)
  A statue (D:6)
  5 adders
  15 gnolls
  A white imp (D:7)
  An ufetubus (D:7)
  3 dart slugs
  3 ribbon worms
  9 orcs
  7 endoplasms
  7 giant cockroaches
  8 goblins
  9 hobgoblins
  10 kobolds
  5 quokkas
  12 ball pythons
  4 bats
  A frilled lizard (D:2)
  4 rats
147 creatures vanquished.

Notes
Turn   | Place    | Note
-------+----------+-------------------------------------------
     0 | D:1      | Dirian the Minotaur Berserker began the quest for the Orb.
     0 | D:1      | Reached XP level 1. HP: 19/19 MP: 0/0
    70 | D:1      | Reached skill level 4 in Axes
    70 | D:1      | Reached XP level 2. HP: 15/27 MP: 1/1
   525 | D:2      | Reached XP level 3. HP: 32/33 MP: 2/2
   589 | D:2      | Noticed Jessica
   592 | D:2      | Killed Jessica
   646 | D:2      | Reached ** piety under Trog
   658 | D:2      | Found Papnoed's Magic Scroll Shop.
   662 | D:2      | Reached XP level 4. HP: 38/41 MP: 3/3
   786 | D:2      | Reached skill level 5 in Axes
   836 | D:2      | Found Dusumm's Jewellery Shoppe.
   899 | D:2      | Reached skill level 5 in Fighting
   905 | D:2      | Reached XP level 5. HP: 21/48 MP: 4/4
  1063 | D:2      | Found Dastot's General Store.
  1201 | D:3      | Found a hide-covered altar of Uskayaw.
  1208 | D:3      | Noticed Terence
  1213 | D:3      | Killed Terence
  1261 | D:3      | Noticed an ogre
  1275 | D:3      | Reached skill level 6 in Axes
  1279 | D:3      | Killed an ogre
  1280 | D:3      | Reached skill level 1 in Shields
  1280 | D:3      | Reached XP level 6. HP: 56/56 MP: 5/5
  1559 | D:3      | Found Itzigite's Vocational Training.
  1982 | D:4      | Reached skill level 7 in Axes
  2036 | D:4      | Found a shimmering altar of Xom.
  2038 | D:4      | Found a shimmering altar of Xom.
  2113 | D:4      | Found a shimmering altar of Xom.
  2190 | D:4      | Reached *** piety under Trog
  2487 | D:4      | Reached XP level 7. HP: 63/63 MP: 6/6
  2493 | D:4      | Identified the ring of Xoebazid {rPois Str-4 Int+6 Dex+3}
  2845 | D:4      | Noticed Blork the orc
  2854 | D:4      | Killed Blork the orc
  3074 | D:5      | Entered Level 5 of the Dungeon
  3113 | D:5      | Reached skill level 8 in Axes
  3411 | D:5      | Reached skill level 9 in Axes
  3692 | D:5      | Reached XP level 8. HP: 71/71 MP: 7/7
  3979 | D:6      | Found a runed translucent gate.
  3979 | D:6      | Found a runed translucent gate.
  3979 | D:6      | Found a runed translucent gate.
  3980 | D:6      | Noticed NitroKuite's ghost (novice MiBe)
  3980 | D:6      | Noticed dvdksn's ghost (novice DsCK)
  3980 | D:6      | Noticed diceflayer's ghost (novice DsFi)
  4016 | D:6      | Found a white marble altar of Elyvilon.
  4424 | D:6      | Reached skill level 1 in Throwing
  4440 | D:6      | Reached skill level 1 in Evocations
  4671 | D:6      | Found a radiant altar of Vehumet.
  5025 | D:6      | Killed diceflayer's ghost
  5026 | D:6      | Reached skill level 10 in Axes
  5032 | D:6      | Killed dvdksn's ghost
  5033 | D:6      | Reached skill level 5 in Armour
  5033 | D:6      | Reached XP level 9. HP: 35/79 MP: 8/8
  5043 | D:6      | Killed NitroKuite's ghost
  5044 | D:6      | Reached skill level 5 in Shields
  5384 | D:7      | Reached skill level 11 in Axes
  5622 | D:7      | Found Gozag's Platinum Reserve.
  5622 | D:7      | Found an opulent altar of Gozag.
  5768 | D:7      | Noticed a troll
  5770 | D:7      | Noticed a cyclops
  5774 | D:7      | Noticed an ogre mage
  5775 | D:7      | Killed a troll
  5776 | D:7      | Reached XP level 10. HP: 88/88 MP: 9/9
  5780 | D:7      | Killed an ogre mage
  5782 | D:7      | Killed a cyclops
  5784 | D:7      | Noticed a deep elf pyromancer
  5785 | D:7      | Noticed a two-headed ogre
  5786 | D:7      | Noticed a cyclops
  5798 | D:7      | Incinerated by a deep elf pyromancer

Illustrated notes

Levels and vault maps discovered:
D:1:      dpeg_arrival_simpleton_c, layout_rooms, minmay_pentomino_x2
D:2:      layout_basic, serial_shops, nicolae_shop_tiny_glass,
          nicolae_shop_hallway_stairs, nicolae_shop_tiny_real_fake_doors,
          minivault_5, uniq_jessica
D:3:      layout_basic, eat_drink_and_be_merry_uskayaw, nicolae_shop_vocational,
          uniq_terence
D:4:      minmay_recursive_quarters, layout_basic, xom_redecorated,
          uniq_blork_the_orc
D:5:      layout_basic
D:6:      layout_basic, elyvilon_altar_4, vehumet_statue, serial_library,
          serial_library_hellmonk_semicircle,
          serial_library_hellmonk_recessed_alcove,
          serial_library_hellmonk_reading_circle,
          serial_library_hellmonk_semicircle,
          serial_library_regret_index_small_wings,
          serial_library_hellmonk_big_corner, serial_library_hellmonk_room_b,
          gammafunk_ghost_cemetery
D:7:      minmay_s_stair_smasher, layout_loops_ring, makhleb_altar_promises_db,
          nicolae_gozag_zags_fifth_avenue, temple_statues, minmay_the_grid_2x2
          [minmay_the_grid_x, minmay_the_grid_tri_star, minmay_the_grid_spikes,
          minmay_the_grid_prize_big_room]

Skill      XL: |  1  2  3  4  5  6  7  8  9 10 |
---------------+-------------------------------+-----
Fighting       | 4 5 6 7 8 |  8.1
Axes           | 4 5 6 7 9 10 11 | 11.6
Armour         | 3 5 7 8 |  8.1
Shields        | 1 2 3 4 5 |  5.7
Throwing       | 2 4 |  4.4
Evocations     | 2 3 4 |  4.0
Dodging        | |  2.1

Action                     |  1- 3 |  4- 6 |  7- 9 | 10-12 || total
---------------------------+-------+-------+-------+-------++-------
  Melee: Hand axe          |    59 |   130 |   105 |       ||   294
         Headbutt          |    10 |    20 |    43 |     3 ||    76
         Broad axe         |       |       |    96 |    13 ||   109
 Invoke: Berserk           |       |     2 |     4 |       ||     6
         Trog's Hand       |       |       |     3 |     1 ||     4
    Use: Scroll            |       |    12 |     5 |       ||    17
         Potion            |       |       |     1 |     1 ||     2
 Armour: Animal skin       |    27 |    69 |    20 |       ||   116
         Ring mail         |       |       |    41 |       ||    41
         Chain mail        |       |       |    49 |    13 ||    62
  Dodge: Dodged            |    29 |    70 |    60 |     2 ||   161
  Block: Buckler           |    10 |    20 |    88 |     3 ||   121
         Reflection        |       |       |       |     1 ||     1
